 Dungeon Crawl Stone Soup version 0.31-a0-152-g6aa68a64a1 (webtiles) character file.

Game seed: 9822121595472147206

616 qw the Shooter (level 7, -7/64 HPs)
             Began as a Naga Hunter on June 9, 2023.
             Mangled by Menkaure (20 damage)
             ... on level 4 of the Dungeon.
             The game lasted 00:01:01 (3184 turns).

qw the Shooter (Naga Hunter)                        Turns: 3184, Time: 00:01:02

Health: -7/64      AC:  5    Str: 13    XL:     7   Next: 45%
Magic:  7/7        EV: 10    Int: 10    God:
Gold:   146        SH:  0    Dex: 16    Spells: 6/6 levels left

rFire   . . .        Y - +2 shortbow
rCold   + . .        (shield currently unavailable)
rNeg    . . .        c - +0 leather armour
rPois   +            (no helmet)
rElec   .            i - +1 cloak
rCorr   .            (no gloves)
SInv    +            (no barding)
Will    .....        e - amulet of the acrobat
Stlth   ++           b - ring of protection from cold
HPRegen 0.30/turn    (no ring)
MPRegen 0.10/turn

%: acrobat
@: very slow
A: AC +2, large, see invisible, deformed body, poison resistance, slowness 2,
spit poison 1, naga tail 1
a: Spit Poison


You were on level 4 of the Dungeon.
You visited 1 branch of the dungeon, and saw 4 of its levels.

You collected 185 gold pieces.
You spent 39 gold pieces at shops.


Innate Abilities, Weirdness & Mutations

Your serpentine skin is tough. (AC +2)
You have supernaturally acute eyesight. (SInv)
Armour fits poorly on your strangely shaped body.
Your system is resistant to poisons. (rPois)
You cover ground very slowly.
You can spit poison.
You have a snake-like lower body.


   Skills:
 - Level 4.0 Fighting
 + Level 7.0 Ranged Weapons
 - Level 2.4 Dodging
 - Level 1.5 Stealth


You had 6 spell levels left.
You didn't know any spells.
Your spell library was empty.

Inventory:

Hand Weapons
 Y - a +2 shortbow (weapon)
Armour
 c - a +0 leather armour (worn)
 i - a +1 cloak (worn)
Jewellery
 b - a ring of protection from cold (left hand)
 e - an amulet of the acrobat (around neck)
 g - a ring of fire
Scrolls
 f - a scroll of identify
 h - a scroll of amnesia {unknown}
Potions
 a - a potion of heal wounds {unknown}
 d - 2 potions of curing
 j - a potion of might {unknown}
 k - a potion of brilliance {unknown}

Dungeon Overview and Level Annotations

Branches:
Dungeon (4/15)
 Temple: D:4-7

Altars:
Ashenzari
Kikubaaqudgha

Shops:
D:2 *[?:[   D:3 =[([:

Annotations:
D:2 1 runed translucent door, Crazy Yiuf
D:4 Menkaure


Message History

3176 ||| INVOKING Spit Poison.
Aiming: Spit Poison (1% risk of failure)
Press: ? - help, Shift-Dir - straight line, f - goblin The splash of poison hits the goblin.
The goblin is poisoned.
You kill the goblin!
The hobgoblin hits you but does no damage.
You shoot an arrow.
The arrow hits the hobgoblin but does no damage.
The hobgoblin misses you.
You shoot an arrow. The arrow hits Menkaure.
Menkaure is moderately damaged.
Menkaure casts a spell at you. You resist with significant effort.
The hobgoblin hits you but does no damage.
You shoot an arrow. The arrow completely misses Menkaure.
The arrow hits the hobgoblin but does no damage.
You have got your breath back.
Menkaure hits you but does no damage. The hobgoblin barely misses you.
3180 ||| INVOKING Spit Poison.
Aiming: Spit Poison (1% risk of failure)
Press: ? - help, Shift-Dir - straight line, f - hobgoblin, p - Menkaure The splash of poison hits the hobgoblin!
You kill the hobgoblin!
Menkaure hits you.
You shoot an arrow. The arrow barely misses Menkaure.
The arrow barely misses the hobgoblin.
You shoot an arrow. The arrow hits Menkaure.
Menkaure is moderately damaged.
You have got your breath back.
Menkaure gestures wildly while chanting.
Menkaure seems to speed up.
You shoot an arrow. The arrow hits Menkaure!
Menkaure is severely damaged.
Menkaure misses you.
Menkaure calls on the powers of darkness!
Your body is wracked with pain!
The hobgoblin convulses!
The goblin convulses!
You shoot an arrow. The arrow hits Menkaure.
Menkaure is almost destroyed.
Menkaure hits you!!
You die...

... #.###...## ## ..
#.....###. .. ..#
#......##. . #..#
#.....#.#. g. #. #..
##...###..
#Mg.#.###.. .....##
##. g.g...gg#.#
###...###.# #M#.#
##.#.#.##
#@#.#######.##.##
###.#..............#
..........######)#(.#
####.####.# #.#..###
#.#....######.#.....
.....#............###
.... #...##########
.... ###.# ## ..#


You could see Menkaure (fast), a hobgoblin and a goblin.

Vanquished Creatures
  Sigmund (D:2)
  An ogre (D:3)
  A phantom (D:4)
  A jelly (D:4)
  An orc priest (D:4)
  A hound (D:4)
  An iguana (D:4)
  An orc wizard (D:4)
  Robin (D:4)
  4 gnolls (D:3)
  3 adders
  2 ufetubi
  A worm (D:2)
  3 dart slugs
  3 orcs (D:4)
  5 bats
  3 endoplasms
  A giant cockroach (D:1)
  10 goblins
  6 hobgoblins
  A quokka (D:1)
  6 ball pythons
  3 frilled lizards
  9 kobolds
  6 rats
75 creatures vanquished.

Notes
Turn   | Place    | Note
-------+----------+-------------------------------------------
     0 | D:1      | qw the Naga Hunter began the quest for the Orb.
     0 | D:1      | Reached XP level 1. HP: 19/19 MP: 1/1
     0 | D:1      | 0 ||| qw: Version: 0.2-a-122-gbc61b45
     0 | D:1      | 0 ||| qw: Game counter: 3310
     0 | D:1      | 0 ||| qw: Always use a shield: true
     0 | D:1      | 0 ||| qw: God list: Okawaru
     0 | D:1      | 0 ||| qw: Allow faded altars: false
     0 | D:1      | 0 ||| qw: Do Orc after D:15 true
     0 | D:1      | 0 ||| qw: Do second Lair branch before Depths: true
     0 | D:1      | 0 ||| qw: Lair rune preference: random
     0 | D:1      | 0 ||| qw: Plans: Normal
     0 | D:1      | 0 ||| PLANNING D:1-11
    45 | D:1      | 45 ||| INVOKING Spit Poison.
    54 | D:1      | 54 ||| INVOKING Spit Poison.
    79 | D:1      | 79 ||| INVOKING Spit Poison.
   103 | D:1      | Reached skill level 4 in Ranged Weapons
   103 | D:1      | Reached XP level 2. HP: 26/26 MP: 2/2
   118 | D:1      | 118 ||| INVOKING Spit Poison.
   133 | D:1      | 133 ||| INVOKING Spit Poison.
   268 | D:1      | 268 ||| INVOKING Spit Poison.
   295 | D:1      | 295 ||| INVOKING Spit Poison.
   301 | D:1      | 301 ||| INVOKING Spit Poison.
   314 | D:1      | 314 ||| INVOKING Spit Poison.
   331 | D:1      | 331 ||| INVOKING Spit Poison.
   342 | D:1      | 342 ||| INVOKING Spit Poison.
   345 | D:1      | 345 ||| INVOKING Spit Poison.
   472 | D:1      | 472 ||| INVOKING Spit Poison.
   487 | D:1      | Found a faded altar of an unknown god.
   527 | D:1      | Reached XP level 3. HP: 32/32 MP: 3/3
   527 | D:1      | 527 ||| INVOKING Spit Poison.
   652 | D:1      | 652 ||| UPGRADING to +0 cloak.
   657 | D:1      | 657 ||| UPGRADING to amulet of the acrobat.
   662 | D:1      | 662 ||| INVOKING Spit Poison.
   664 | D:1      | 664 ||| READING 2 scrolls labelled TAITINUIQE.
   665 | D:1      | 665 ||| READING scroll of enchant weapon.
   665 | D:1      | 665 ||| ENCHANTING +1 shortbow.
   666 | D:1      | 666 ||| READING scroll labelled KURIAN AVA.
   667 | D:1      | 667 ||| READING scroll labelled YDWAMY LA WUKI.
   668 | D:1      | 668 ||| DRINKING 2 fuming dark potions.
   669 | D:1      | 669 ||| DROPPING scroll of butterflies.
   670 | D:1      | 670 ||| DROPPING potion of degeneration.
   700 | D:2      | 700 ||| INVOKING Spit Poison.
   728 | D:2      | 728 ||| INVOKING Spit Poison.
   738 | D:2      | 738 ||| INVOKING Spit Poison.
   772 | D:2      | 772 ||| INVOKING Spit Poison.
   814 | D:2      | Found Finnugeu's Armour Shoppe.
   822 | D:2      | 822 ||| SHOPLISTING +2 leather armour of Bodyhee {Rampage
                  | rElec Str+2} (332 gold, have 48).
   822 | D:2      | 822 ||| SHOPLISTING +2 ring mail of willpower (231 gold,
                  | have 48).
   867 | D:2      | 867 ||| INVOKING Spit Poison.
   916 | D:2      | Found Xoehenuf's General Store.
   925 | D:2      | 925 ||| BUYING potion of curing (39 gold).
   925 | D:2      | Bought a potion of curing for 39 gold pieces
   925 | D:2      | 925 ||| SHOPLISTING scroll of enchant armour (97 gold, have
                  | 9).
   925 | D:2      | 925 ||| SHOPLISTING scroll of identify (26 gold, have 9).
   945 | D:2      | 945 ||| INVOKING Spit Poison.
   969 | D:2      | 969 ||| INVOKING Spit Poison.
   970 | D:2      | 970 ||| INVOKING Spit Poison.
   974 | D:2      | 974 ||| INVOKING Spit Poison.
  1002 | D:2      | Found an ancient bone altar of Kikubaaqudgha.
  1038 | D:2      | Found Nebeesch's Armour Emporium.
  1038 | D:2      | Noticed an animated shadow dragon scales
  1038 | D:2      | Noticed an animated shadow dragon scales
  1048 | D:2      | 1048 ||| SHOPLISTING +0 ring mail of fire resistance (143
                  | gold, have 9).
  1054 | D:2      | 1054 ||| INVOKING Spit Poison.
  1058 | D:2      | 1058 ||| INVOKING Spit Poison.
  1098 | D:2      | Found Ybiotroa's Magic Scroll Shoppe.
  1105 | D:2      | 1105 ||| SHOPLISTING 2 scrolls of identify (48 gold, have
                  | 9).
  1105 | D:2      | 1105 ||| SHOPLISTING scroll of identify (24 gold, have 9).
  1105 | D:2      | 1105 ||| SHOPLISTING scroll of teleportation (36 gold, have
                  | 9).
  1110 | D:2      | Found Vecauniku's Book Shop.
  1150 | D:2      | Found a runed translucent door.
  1151 | D:2      | Noticed Crazy Yiuf
  1253 | D:2      | Noticed Sigmund
  1254 | D:2      | 1254 ||| INVOKING Spit Poison.
  1257 | D:2      | 1257 ||| INVOKING Spit Poison.
  1260 | D:2      | 1260 ||| READING 3 scrolls labelled ZOTUMM KEXU.
  1265 | D:2      | HP: 3/32 [Sigmund/magic dart (9)]
  1269 | D:2      | 1269 ||| FLEEEEING.
  1271 | D:2      | 1271 ||| INVOKING Spit Poison.
  1271 | D:2      | Killed Sigmund
  1272 | D:2      | Reached skill level 6 in Ranged Weapons
  1272 | D:2      | Reached XP level 4. HP: 6/39 MP: 4/4
  1272 | D:2      | Reached XP level 5. HP: 7/45 MP: 5/5
  1456 | D:2      | 1456 ||| INVOKING Spit Poison.
  1467 | D:2      | 1467 ||| INVOKING Spit Poison.
  1750 | D:2      | 1750 ||| DROPPING 2 scrolls of immolation.
  1810 | D:3      | 1810 ||| INVOKING Spit Poison.
  1859 | D:3      | 1859 ||| INVOKING Spit Poison.
  1860 | D:3      | Reached XP level 6. HP: 52/52 MP: 6/6
  1877 | D:3      | 1877 ||| INVOKING Spit Poison.
  1931 | D:3      | 1931 ||| INVOKING Spit Poison.
  1938 | D:3      | 1938 ||| INVOKING Spit Poison.
  1941 | D:3      | Reached skill level 3 in Fighting
  1944 | D:3      | Found Xatul's Antique Armour Shop.
  1952 | D:3      | 1952 ||| SHOPLISTING pair of crude gloves (266 gold, have
                  | 20).
  1952 | D:3      | 1952 ||| SHOPLISTING pair of runed gloves (210 gold, have
                  | 20).
  1964 | D:3      | Found Ixeav Ecw's Weapon Boutique.
  2064 | D:3      | Found Caoquwk's Book Shoppe.
  2089 | D:3      | 2089 ||| READING scroll of enchant armour.
  2089 | D:3      | 2089 ||| ENCHANTING +0 cloak.
  2100 | D:3      | Found Riowoti's Antique Armour Shop.
  2109 | D:3      | 2109 ||| SHOPLISTING helmet (94 gold, have 20).
  2126 | D:3      | Found Ucvasiepp's Jewellery Boutique.
  2131 | D:3      | 2131 ||| SHOPLISTING +4 ring of protection (360 gold, have
                  | 20).
  2131 | D:3      | 2131 ||| SHOPLISTING amulet of faith (400 gold, have 20).
  2131 | D:3      | 2131 ||| SHOPLISTING amulet of reflection (300 gold, have
                  | 20).
  2131 | D:3      | 2131 ||| SHOPLISTING amulet of regeneration (300 gold, have
                  | 20).
  2131 | D:3      | 2131 ||| SHOPLISTING ring of Qiolonax {rPois rN+ MP+9
                  | Str+3} (417 gold, have 20).
  2131 | D:3      | 2131 ||| SHOPLISTING ring of Zinwengomm {Ice *Slow +Blink
                  | rCorr Int+4} (474 gold, have 20).
  2131 | D:3      | 2131 ||| SHOPLISTING ring of resist corrosion (200 gold,
                  | have 20).
  2131 | D:3      | 2131 ||| SHOPLISTING ring of willpower (250 gold, have 20).
  2169 | D:3      | 2169 ||| INVOKING Spit Poison.
  2172 | D:3      | 2172 ||| INVOKING Spit Poison.
  2176 | D:3      | 2176 ||| INVOKING Spit Poison.
  2177 | D:3      | HP: 9/56 [ogre/+0 giant club (24)]
  2449 | D:3      | Found a broken altar of Ashenzari.
  2721 | D:3      | 2721 ||| UPGRADING to ring of protection from cold.
  2722 | D:3      | 2722 ||| READING 2 scrolls labelled TIVECA GEIT.
  2723 | D:3      | 2723 ||| DRINKING 2 viscous blue potions.
  2724 | D:3      | 2724 ||| DROPPING potion of magic.
  2725 | D:3      | 2725 ||| DROPPING scroll of blinking.
  2749 | D:4      | 2749 ||| INVOKING Spit Poison.
  2754 | D:4      | 2754 ||| INVOKING Spit Poison.
  2841 | D:4      | 2841 ||| INVOKING Spit Poison.
  2846 | D:4      | 2846 ||| INVOKING Spit Poison.
  2852 | D:4      | 2852 ||| INVOKING Spit Poison.
  2854 | D:4      | Reached XP level 7. HP: 57/64 MP: 7/7
  2855 | D:4      | 2855 ||| INVOKING Spit Poison.
  2868 | D:4      | 2868 ||| INVOKING Spit Poison.
  2999 | D:4      | 2999 ||| INVOKING Spit Poison.
  3005 | D:4      | 3005 ||| INVOKING Spit Poison.
  3152 | D:4      | Reached skill level 7 in Ranged Weapons
  3157 | D:4      | Noticed Menkaure
  3159 | D:4      | Noticed Robin
  3160 | D:4      | 3160 ||| Stepping ~*~*~tactically~*~*~ (outnumbered).
  3163 | D:4      | 3163 ||| INVOKING Spit Poison.
  3169 | D:4      | 3169 ||| INVOKING Spit Poison.
  3169 | D:4      | Killed Robin
  3176 | D:4      | 3176 ||| INVOKING Spit Poison.
  3180 | D:4      | 3180 ||| INVOKING Spit Poison.
  3183 | D:4      | HP: 13/64 [??? (10)]
  3184 | D:4      | Mangled by Menkaure

Levels and vault maps discovered:
D:1:      lemuel_arrival_muddy, layout_basic,
          shapermc_ecumenical_altar_acropolis
D:2:      layout_loops_corners, serial_shops, nicolae_square_shop,
          nicolae_shop_mannequins, shop, shop, nicolae_lakefront_shop,
          basic_altar, uniq_crazy_yiuf_cottage, uniq_sigmund
D:3:      layout_loops_corners, nicolae_ashenzari_skybound, serial_shops, shop,
          shop, nicolae_shop_bloodbath_and_beyond, shop, shop
D:4:      layout_loops_ring, trog_wizard, temple_green, uniq_robin,
          uniq_menkaure

Skill      XL: |  1  2  3  4  5  6  7 |
---------------+----------------------+-----
Ranged Weapons | 4 6 7 |  7.0
Fighting       | 4 |  4.0
Dodging        | 2 |  2.4
Stealth        | |  1.5

Action                     |  1- 3 |  4- 6 |  7- 9 || total
---------------------------+-------+-------+-------++-------
   Fire: Shortbow          |    53 |    40 |    39 ||   132
Ability: Spit Poison       |    28 |    15 |     8 ||    51
    Use: Scroll            |     5 |     2 |       ||     7
         Potion            |     1 |     1 |       ||     2
 Armour: Leather armour    |     6 |     1 |    13 ||    20
  Dodge: Dodged            |    24 |     6 |     8 ||    38

Table legend:
 A = Non-vault XP
 B = Vault XP
 C = Vault XP percentage of total XP
 D = Non-vault monster count
 E = Vault monster count
 F = Vault count percentage of total count
                 A         B        C        D         E       F
            +---------+---------+-------+---------+---------+-------
      Total |     636 |     244 |  27.7 |      66 |       9 |  12.0
            +---------+---------+-------+---------+---------+-------
        D:1 |      38 |       0 |   0.0 |      23 |       0 |   0.0
        D:2 |      51 |     223 |  81.4 |      14 |       1 |   6.7
        D:3 |     212 |       0 |   0.0 |      14 |       0 |   0.0
        D:4 |     335 |      21 |   5.9 |      15 |       8 |  34.8
            +---------+---------+-------+---------+---------+-------
